Map: Blackburn LE

Players

TriGGeR

  • Race: Protoss Protoss
  • League: Grandmaster

Neeb - Winner!

  • Race: Protoss Protoss

Event: DreamHack SC2 Masters 2021 Summer

VOD

Have the link to the VOD?

Description

Time

  • Played on: May 25, 2021, 3:23 p.m.
  • Length: 10:13

All games in this series

Show
View Real Time Build Order
Export as new Build Order

TriGGeR Protoss 

Build Orders:  

Get SALT Encoding   

  12  0:00  Probe  
  13  0:12  Probe  
  14  0:19  Pylon  
  14  0:24  Probe  
  15  0:37  Probe (Chrono Boost)  
  15  0:40  Gateway  
  16  0:46  Probe (Chrono Boost)  
  16  0:47  Assimilator  
  17  0:52  Probe (Chrono Boost)  
  18  1:04  Probe (Chrono Boost)  
  19  1:05  Assimilator  
  19  1:07  Pylon  
  19  1:15  Probe (Chrono Boost)  
  20  1:19  Probe (Chrono Boost)  
  21  1:29  Zealot  
  21  1:30  Cybernetics Core  
  21  1:32  Probe  
  24  1:44  Probe  
  25  1:56  Probe  
  26  2:07  Nexus  
  26  2:12  Stalker (Chrono Boost)  
  28  2:18  Probe  
  28  2:21  Warp Gate  
  29  2:28  Pylon  
  28  2:34  Shield Battery  
  29  2:37  Probe  
  29  2:44  Stalker (Chrono Boost)  
  31  2:49  Probe  
  32  3:01  Probe  
  33  3:11  Stalker (Chrono Boost)  
  33  3:13  Probe  
  33  3:19  Probe  
  37  3:26  Probe (Chrono Boost)  
  38  3:32  Probe (Chrono Boost)  
  39  3:34  Gateway  
  40  3:41  Twilight Council  
  40  3:44  Probe (Chrono Boost), Forge  
  40  3:45  Probe (Chrono Boost)  
  41  3:51  Probe x2 (Chrono Boost)  
  43  4:02  Probe x2  
  45  4:08  Stalker  
  47  4:13  Blink (Chrono Boost)  
  47  4:14  Probe  
  49  4:17  Protoss Ground Weapons Level 1  
  49  4:21  Probe  
  49  4:26  Probe  
  46  4:32  Stalker  
  46  4:33  Probe  
  46  4:36  Stalker  
  51  4:41  Pylon  
  52  4:47  Probe (Chrono Boost), Robotics Facility  
  52  4:48  Probe (Chrono Boost)  
  52  4:56  Assimilator  
  54  5:00  Probe (Chrono Boost), Stalker  
  54  5:03  Probe (Chrono Boost)  
  54  5:05  Probe (Chrono Boost)  
  55  5:07  Stalker  
  55  5:17  Probe (Chrono Boost)  
  55  5:18  Probe (Chrono Boost)  
  57  5:24  Gateway  
  57  5:25  Gateway  
  57  5:28  Probe (Chrono Boost)  
  59  5:29  Probe (Chrono Boost)  
  59  5:34  Observer, Pylon  
  60  5:38  Pylon  
  60  5:43  Stalker  
  60  5:47  Stalker  
  59  6:12  Warp Prism (Chrono Boost)  
  59  6:14  Stalker x2  
  63  6:21  Stalker x2  
  67  6:28  Probe x2, Protoss Ground Weapons Level 2 (Chrono Boost)  
  67  6:31  Nexus  
  69  6:33  Pylon  
  69  6:41  Probe  
  69  6:44  Stalker  
  69  6:45  Observer (Chrono Boost)  
  73  7:00  Stalker x3  
  79  7:04  Probe x2  
  79  7:07  Shield Battery  
  81  7:16  Probe x2  
  74  7:28  Probe x2  
  76  7:35  Charge (Chrono Boost)  
  76  7:41  Nexus  
  78  7:45  Probe x3 (Chrono Boost)  
  79  7:53  Probe (Chrono Boost), Gateway  
  79  7:55  Probe x2 (Chrono Boost), Gateway  
  82  7:59  Probe  
  82  8:02  Observer  
  82  8:04  Probe  
  82  8:05  Gateway  
  85  8:06  Probe, Gateway  
  85  8:08  Gateway  
  85  8:12  Gateway  
  86  8:13  Stalker  
  86  8:15  Pylon  
  86  8:18  Probe  
  89  8:23  Probe  
  89  8:25  Photon Cannon  
  90  8:30  Photon Cannon  
  90  8:33  Probe x2  
  90  8:34  Templar Archives  
  92  8:36  Photon Cannon  
  92  8:44  Zealot x3  
  92  8:46  Probe  
  99  8:50  Zealot x2  
  99  8:55  Photon Cannon  
  103  8:56  Zealot  
  105  9:04  Zealot x2  
  105  9:05  Templar Archives  
  105  9:08  Gateway  
  109  9:10  High Templar x2  
  109  9:11  High Templar  
  109  9:12  High Templar  
  109  9:13  Gateway, Zealot  
  109  9:14  Archon  
  109  9:15  Archon  
  109  9:16  Zealot  
  121  9:22  Zealot x2  
  118  9:25  Zealot x2  
  120  9:32  Pylon  
  120  9:35  Pylon x2  
  120  9:40  Zealot x2  
  120  9:44  Zealot x5  
  116  9:47  Zealot  
  116  9:48  Zealot  
  98  9:52  Zealot  
  76  10:00  Zealot x2  
  76  10:03  Zealot  
  76  10:07  Zealot x5  
Show
View Real Time Build Order
Export as new Build Order

Neeb Protoss - Winner!

Build Orders: Oracle Opening, Zealot Archon, Dark Templar Rush 

Get SALT Encoding   

  12  0:00  Probe  
  13  0:12  Probe  
  14  0:20  Pylon  
  14  0:24  Probe  
  15  0:38  Probe (Chrono Boost)  
  15  0:40  Gateway  
  16  0:47  Probe (Chrono Boost), Assimilator  
  17  0:52  Probe (Chrono Boost)  
  18  0:57  Assimilator  
  19  1:04  Probe (Chrono Boost)  
  19  1:07  Pylon  
  19  1:14  Probe (Chrono Boost)  
  20  1:19  Probe (Chrono Boost)  
  21  1:27  Cybernetics Core  
  21  1:30  Probe  
  22  1:35  Zealot  
  24  1:42  Probe  
  25  1:54  Probe  
  26  2:04  Stargate, Adept (Chrono Boost)  
  28  2:14  Warp Gate  
  28  2:30  Nexus  
  28  2:35  Pylon  
  28  2:50  Oracle  
  31  2:53  Probe  
  32  3:03  Pylon  
  32  3:05  Probe  
  33  3:09  Twilight Council  
  33  3:17  Probe  
  34  3:23  Shield Battery  
  34  3:27  Oracle (Chrono Boost)  
  34  3:29  Probe  
  36  3:38  Gateway  
  36  3:41  Probe  
  36  3:46  Probe  
  38  3:53  Probe  
  39  3:58  Probe  
  39  3:59  Dark Shrine  
  40  4:07  Probe (Chrono Boost)  
  41  4:10  Probe (Chrono Boost)  
  42  4:18  Forge  
  42  4:19  Probe (Chrono Boost)  
  42  4:21  Probe (Chrono Boost)  
  44  4:26  Probe (Chrono Boost)  
  44  4:28  Probe (Chrono Boost)  
  44  4:31  Blink, Assimilator  
  46  4:32  Probe  
  46  4:38  Probe  
  48  4:40  Stalker  
  48  4:44  Probe, Pylon  
  51  4:50  Probe  
  52  4:56  Probe, Protoss Ground Weapons Level 1 (Chrono Boost)  
  52  4:57  Stalker  
  55  5:02  Probe  
  56  5:08  Probe  
  56  5:09  Pylon  
  57  5:14  Probe  
  55  5:23  Dark Templar  
  55  5:27  Probe  
  58  5:30  Dark Templar  
  58  5:31  Nexus  
  60  5:35  Pylon  
  60  5:37  Gateway  
  60  5:40  Gateway  
  60  5:45  Pylon  
  60  5:46  Probe  
  60  5:47  Probe  
  62  5:58  Probe  
  62  5:59  Probe  
  62  6:05  Stalker x2  
  62  6:10  Shield Battery  
  62  6:11  Probe, Photon Cannon  
  67  6:17  Probe  
  68  6:23  Gateway x2  
  68  6:29  Dark Templar  
  68  6:30  Stalker  
  68  6:31  Probe  
  68  6:32  Probe  
  74  6:34  Archon  
  74  6:35  Stalker  
  74  6:36  Stalker  
  78  6:44  Probe  
  78  6:45  Robotics Facility  
  79  6:53  Probe x2  
  81  6:56  Probe, Pylon  
  81  6:58  Protoss Ground Weapons Level 2 (Chrono Boost), Sentry  
  81  6:59  Stalker  
  86  7:02  Photon Cannon  
  86  7:05  Pylon  
  86  7:10  Probe x3  
  86  7:13  Assimilator  
  81  7:22  Stalker  
  81  7:23  Stalker  
  81  7:27  Probe x3  
  88  7:32  Assimilator  
  88  7:37  Zealot x2, Stalker x2  
  90  7:41  Charge (Chrono Boost)  
  90  7:44  Gateway  
  96  7:46  Gateway  
  96  7:47  Pylon x2  
  96  7:48  Zealot x2  
  96  7:51  Observer  
  101  8:00  Zealot, Stalker x2  
  101  8:01  Zealot  
  109  8:08  Pylon  
  109  8:09  Warp Prism  
  109  8:11  Zealot x2, Pylon  
  115  8:24  Nexus  
  115  8:27  Pylon  
  115  8:32  Dark Templar x2  
  119  8:36  Archon  
  119  8:38  Dark Templar x2  
  123  8:42  Archon  
  123  8:47  Zealot  
  123  8:48  Zealot x3  
  131  8:53  Photon Cannon  
  131  9:08  Stalker x5  
  141  9:11  Stalker  
  139  9:27  Dark Templar x2  
  139  9:31  Archon, Zealot x4  
  143  9:32  Zealot  
  121  9:53  Zealot x6  
  123  10:02  Zealot x2  
  123  10:06  Robotics Bay  
  123  10:08  Robotics Facility  
Tags
 
Add a new tag
Caveats
  • Supply blocks, unpowered buildings, or Contaminate may cause inaccurate times.
  • Supply counts are checked every 10 seconds.